 Dungeon Crawl Stone Soup version 0.25-a0-576-g50b708a4c4 (webtiles) character file.

Game seed: 14711631703939702635, levelgen mode: deterministic

315 Flugslaktarn the Chopper (level 6, 0/57 HPs)
             Began as a Deep Dwarf Fighter on Mar 1, 2020.
             Slain by an ogre
             ... wielding a +0 giant club
              (22 damage)
             ... on level 4 of the Dungeon.
             The game lasted 00:00:58 (1177 turns).

Flugslaktarn the Chopper (Deep Dwarf Fighter)       Turns: 1177, Time: 00:00:59

Health: 0/57       AC: 11    Str: 21    XL:     6   Next: 19%
Magic:  5/5        EV:  7    Int:  9    God:
Gold:   105        SH: 10    Dex: 12    Spells: 5/5 levels left

rFire    . . .     SeeInvis .   a - +0 war axe
rCold    . . .     Gourm    .   c - +0 kite shield
rNeg     . . .     Faith    .   b - +0 scale mail
rPois    .         Spirit   .   h - +2 helmet
rElec    .         Reflect  .   (no cloak)
rCorr    .         Harm     .   i - +0 pair of gloves
MR       .....                  (no boots)
Stlth    ..........             (no amulet)
HPRegen  0.00/turn              (no ring)
MPRegen  0.09/turn              (no ring)

@: non-regenerating
A: damage resistance, heal wounds, sense surroundings 1, no regeneration
a: Heal Wounds


You were on level 4 of the Dungeon.
You were not hungry.

You visited 1 branch of the dungeon, and saw 4 of its levels.

You collected 105 gold pieces.

Inventory:

Hand Weapons
 a - a +0 war axe (weapon)
Armour
 b - a +0 scale mail (worn)
 c - a +0 kite shield (worn)
 h - a +2 helmet (worn)
   (You found it on level 1 of the Dungeon)
 i - a +0 pair of gloves (worn)
   (You found it on level 1 of the Dungeon)
Jewellery
 m - an uncursed ring of poison resistance {unknown}
   (You found it on level 3 of the Dungeon)
 o - an uncursed ring of resist corrosion {unknown}
   (You found it on level 3 of the Dungeon)
 u - an uncursed ring of fire {unknown}
   (You found it on level 4 of the Dungeon)
Scrolls
 l - 2 scrolls of fog {unknown}
 n - a scroll of enchant armour {unknown}
 p - 2 scrolls of enchant weapon {unknown}
 r - a scroll of amnesia {unknown}
Potions
 d - a potion of might
 g - a potion of berserk rage {unknown}
 j - 2 potions of stabbing {unknown}
 k - a potion of resistance {unknown}
 q - 3 potions of lignification {unknown}
 s - a potion of heal wounds {unknown}
 t - a potion of degeneration {unknown}
 v - a potion of mutation {unknown}
Comestibles
 e - 7 rations
 f - 5 chunks of flesh


   Skills:
 + Level 3.7 Fighting
 * Level 4.8 Axes
 + Level 4.5 Armour
 + Level 4.5 Shields


You had 5 spell levels left.
You didn't know any spells.
Your spell library was empty.

Dungeon Overview and Level Annotations

Branches:
Dungeon (4/15)
 Temple: D:4-7

Altars:
Ashenzari
Nemelex Xobeh


Innate Abilities, Weirdness & Mutations

You are resistant to damage.
You can heal yourself by infusing magical energy.
You passively map a small area around you.
You do not regenerate.


Message History

You are too injured to fight recklessly!
You are too injured to fight recklessly!
You are too injured to fight recklessly!
You are too injured to fight recklessly!
You are too injured to fight recklessly!
You are too injured to fight recklessly!
You are too injured to fight recklessly!
You are too injured to fight recklessly!
You are too injured to fight recklessly!
You are too injured to fight recklessly!
You are too injured to fight recklessly!
You feel much better.
The ogre hits you with a +0 giant club!!
Your shield prevents you from hitting the ogre.
The ogre is heavily wounded.
You block the ogre's attack.
You hit the ogre.
The ogre is severely wounded.
The ogre hits you with a +0 giant club!!
You die...

.# #....^# #..≈≈.≈..#
.###.###.# #........#
.....# #.# #........#
..##.###.# ##########
..#......# * .....#..##
, #.#...#)# * *
#.##.##.##############.#
.........(<.....@O.....#
#.#..###################
#.#..# #.#..# #.#).#
#....# #.#.## .....#
..#..#


You could see an ogre.

Vanquished Creatures
  2 ogres (D:4)
  An orc wizard (D:2)
  A worker ant (D:4)
  2 adders
  A shadow imp (D:4)
  An ooze (D:3)
  A worm (D:4)
  6 dart slugs
  11 orcs
  3 ball pythons
  4 giant cockroaches
  3 goblins
  5 hobgoblins
  4 jackals (D:4)
  3 bats
  4 frilled lizards
  3 rats
55 creatures vanquished.

Notes
Turn   | Place    | Note
-------+----------+-------------------------------------------
     0 | D:1      | Flugslaktarn the Deep Dwarf Fighter began the quest for the
                  | Orb.
     0 | D:1      | Reached XP level 1. HP: 20/20 MP: 1/1
   137 | D:1      | Reached XP level 2. HP: 24/27 MP: 2/2
   213 | D:2      | Reached XP level 3. HP: 33/33 MP: 3/3
   333 | D:3      | Reached XP level 4. HP: 37/42 MP: 4/4
   337 | D:3      | Found a shattered altar of Ashenzari.
   497 | D:3      | Found a sparkling altar of Nemelex Xobeh.
   709 | D:4      | Noticed an ogre
   719 | D:4      | Killed an ogre
   719 | D:4      | Reached XP level 5. HP: 19/49 MP: 5/5
   970 | D:4      | Noticed an ogre
   977 | D:4      | Killed an ogre
   977 | D:4      | Reached XP level 6. HP: 36/57 MP: 5/5
  1177 | D:4      | Slain by an ogre

Levels and vault maps discovered:
D:1:      dpeg_arrival_morbid_curiosity, layout_basic, nrook_mini_backslash
D:2:      layout_rooms
D:3:      layout_loops_ring, nemelex_xobeh_ov_fountains_minmay,
          evilmike_ruin_ashenzari
D:4:      layout_loops_ring, kennysheep_generic_room_4

Skill      XL: |  1  2  3  4 |
---------------+-------------+-----
Axes           | 3 4 |  4.8
Fighting       | 3 |  3.7
Shields        | 4 |  4.5
Armour         | 4 |  4.5

Action                   |  1- 3 |  4- 6 || total
-------------------------+-------+-------++-------
Melee: War axe           |    58 |    98 ||   156
 Abil: Heal Wounds       |     1 |     3 ||     4
  Eat: Chunk             |       |     1 ||     1
Armor: Scale mail        |    40 |    49 ||    89
Dodge: Dodged            |    20 |    29 ||    49
Block: Kite shield       |    33 |    56 ||    89

Table legend:
 A = Non-vault XP
 B = Vault XP
 C = Vault XP percentage of total XP
 D = Non-vault monster count
 E = Vault monster count
 F = Vault count percentage of total count
                 A         B        C        D         E       F
            +---------+---------+-------+---------+---------+-------
      Total |     446 |       4 |   0.9 |      53 |       2 |   3.6
            +---------+---------+-------+---------+---------+-------
        D:1 |       9 |       4 |  30.8 |       4 |       2 |  33.3
        D:2 |      76 |       0 |   0.0 |      14 |       0 |   0.0
        D:3 |      64 |       0 |   0.0 |      21 |       0 |   0.0
        D:4 |     297 |       0 |   0.0 |      14 |       0 |   0.0
            +---------+---------+-------+---------+---------+-------
